 Dungeon Crawl Stone Soup version 0.30-a0-118-ga018f8e90f (webtiles) character file.

Game seed: 13917689398487483376

2144 zishaf the Magician (level 9, -2/66 HPs)
             Began as a Djinni Venom Mage on Sept 13, 2022.
             Killed by divine providence
             ... invoked by an orc priest
              (14 damage)
             ... on level 6 of the Dungeon.
             The game lasted 00:11:45 (8231 turns).

zishaf the Magician (Djinni Venom Mage)             Turns: 8231, Time: 00:11:45

Health: -2/66      AC:  3    Str:  7    XL:     9   Next: 56%
Gold:   328        EV: 12    Int: 21    God:
                   SH:  0    Dex: 14

rFire   + + .      SeeInvis .    a - +7 Throatcutter {drain, coup de grace}
rCold   . . .      Faith    .    (no shield)
rNeg    . . .      Spirit   .    n - +1 robe
rPois   ∞          Reflect  .    (no helmet)
rElec   .          Harm     .    (no cloak)
rCorr   .          Rampage  .    (no gloves)
Will    .....                    (boots unavailable)
Stlth   ++........               c - amulet of the acrobat
HPRegen 0.21/turn                r - ring of protection from cold
MPRegen 0.00/turn                (no ring)

@: flying
A: sickness immunity, fire resistance 2, cold vulnerability 1, float, innate
caster, HP casting, extra vitality 1
a: no special abilities


You were on level 6 of the Dungeon.
You visited 1 branch of the dungeon, and saw 6 of its levels.

You collected 354 gold pieces.
You donated 26 gold pieces to Zin.

Inventory:

Hand Weapons
 a - the +7 Throatcutter (weapon) {drain, coup de grace}
   (You took it off Terence on level 2 of the Dungeon)

   A truly terrible weapon, it drains the life of any living foe it strikes.
   It may instantly kill foes which have little health.
 i - a +1 dagger of chaos
Armour
 n - a +1 robe (worn)
Jewellery
 c - an amulet of the acrobat (around neck)
 r - a ring of protection from cold (left hand)
Wands
 m - a wand of polymorph (11)
Scrolls
 b - a scroll of teleportation
 k - a scroll of silence
 l - a scroll of fear
 p - a scroll of enchant weapon
Potions
 d - a potion of haste
 f - 2 potions of resistance
 h - a potion of lignification {unknown}
 j - 2 potions of attraction
 o - a potion of degeneration {unknown}
 q - a potion of mutation {unknown}
 s - a potion of curing {unknown}


   Skills:
 + Level 6.0 Fighting
 + Level 4.7 Long Blades
 - Level 2.1 Dodging
 - Level 1.5 Stealth
 * Level 7.1 Spellcasting


You had 3 spell levels left.
You knew the following spells:

 Your Spells              Type           Power      Damage    Failure   Level
a - Sting                 Tmut/Pois      100%       1d8       1%          1
b - Summon Small Mammal   Summ           100%       N/A       1%          1
c - Poisonous Vapours     Pois/Air       74%        N/A       1%          2
d - Spider Form           Tmut/Pois      37%        N/A       1%          3
z - Mephitic Cloud        Conj/Pois/Air  37%        N/A       1%          3
A - Olgreb's Toxic Radia  Pois           37%        N/A       4%          4
B - Call Canine Familiar  Summ           37%        N/A       1%          3
C - Blink                 Tloc           74%        N/A       1%          2
Your spell library was empty.

Dungeon Overview and Level Annotations

Branches:
Dungeon (6/15)             Temple (0/1) D:6

Altars:
Cheibriados
Ru
Zin


Innate Abilities, Weirdness & Mutations

You are immune to sickness and miasma.
You are immune to poison.
Your flesh is very heat resistant. (rF++)
You are vulnerable to cold. (rC-)
You float through the air rather than walking.
You learn spells naturally, not from books.
Your magical power is your life essence.
You have superior vitality. (+4 MHP)


Message History

The gnoll is engulfed in noxious fumes.
The gnoll appears confused.
The gnoll closely misses you.
Things that are here:
a +0 club; an orc corpse The hound barks!
You slash the gnoll!
You kill the gnoll!
Items here: ( )) ?.
The hound closely misses you.
You slice the hound!!
You kill the hound!
An orc priest comes into view. It is wielding a +0 whip.
Your Fighting skill increases to level 6!
Found a scroll of amnesia.
You see here a hound corpse.
The orc priest shouts!
The orc priest looks encouraged for a moment.
You hit the orc priest.
The orc priest is moderately wounded.
The orc priest barely misses you.
You slash the orc priest!
The orc priest is severely wounded.
The orc priest calls down the wrath of Beogh upon you.
Pain shoots through your body! The orc priest hits you with a +0 whip.
* * * LOW HITPOINT WARNING * * *
You slash the orc priest!
You kill the orc priest!
The orc priest looks braver for a moment.
The orc completely misses you.
You see here a hound corpse.
The orc attacks as you move away! The orc hits you with a +0 hand axe.
* * * LOW HITPOINT WARNING * * *
You see here a +0 giant club.
Items here: ( )) ?.
The orc attacks as you move away! The orc closely misses you.
Items here: )) [[.
There is a stone staircase leading up here.
The orc priest mumbles some strange prayers to Beogh against you.
Beogh smites you!
You die...

*,,,**,,,,,,,,,*****,,*
*,,,**8,,,8,,,8*** **,*
*,,,****8***8*** *,**
*********,,,###*** *** *** *,,,
*,,,,,,,,,,,,..##*#######.#**,,,
*,,,,,,,*,,,,,..#*.........**,,,
*,,,,,,,******#.##.........**,,,
*,,,,,,..######..#.........,,,,,
*,,,,,,........@.#.........,*,,,
*,,,,,,....####.o)##.......,,,,,
*******.*#.....##).........,,,,,
*,,#####.*#oo..$.....*,*** **,,*
#.###†........,,*** *,,,**
#.............,,,,,
*,*,,***#####..#####..,,,,,
****,**,,,**#...)).#***,.,,,,,
*,,,,,,**,,*#.....$...,,,,,,,,


You could see an orc priest and 2 orcs.

Vanquished Creatures
  Menkaure (D:4)
  A sky beast (D:5)
  2 ogres
  5 black bears
  A phantom (D:5)
  2 scorpions
  7 wights
  A howler monkey (D:2)
  A gnoll bouda (D:5)
  4 hounds
  4 jellies (D:5)
  3 orc priests
  Jessica (D:2)
  Ijyb (D:5)
  Terence (D:2)
  An iguana (D:4)
  An orc wizard (D:4)
  4 gnolls
  6 adders
  A white imp (D:5)
  2 ufetubi (D:5)
  2 worms (D:3)
  5 dart slugs
  12 orcs
  6 ball pythons
  11 bats
  7 endoplasms
  3 giant cockroaches
  A goblin (D:3)
  7 hobgoblins
  4 jackals
  5 quokkas
  3 frilled lizards
  7 kobolds
  4 rats
127 creatures vanquished.

Vanquished Creatures (collateral kills)
  A gnoll bouda (D:5)
  A gnoll (D:5)
2 creatures vanquished.

Grand Total: 129 creatures vanquished

Notes
Turn   | Place    | Note
-------+----------+-------------------------------------------
     0 | D:1      | zishaf the Djinni Venom Mage began the quest for the Orb.
     0 | D:1      | zishaf set off with the following spells memorised: Sting,
                  | Poisonous Vapours, Mephitic Cloud, Olgreb's Toxic Radiance.
     0 | D:1      | Reached XP level 1. HP: 15/15 MP: 0/0
   276 | D:1      | Reached XP level 2. HP: 7/22 MP: 0/0
   695 | D:1      | Reached skill level 1 in Fighting
  1003 | D:1      | Reached skill level 3 in Spellcasting
  1003 | D:1      | Reached XP level 3. HP: 20/27 MP: 0/0
  1003 | D:1      | Learned a level 1 spell: Summon Small Mammal
  1794 | D:2      | Found a faded altar of an unknown god.
  1803 | D:2      | Reached XP level 4. HP: 30/33 MP: 0/0
  1939 | D:2      | Noticed Jessica
  1940 | D:2      | Noticed Terence
  1946 | D:2      | Killed Jessica
  1947 | D:2      | Reached XP level 5. HP: 19/38 MP: 0/0
  1947 | D:2      | Learned a level 2 spell: Blink
  1957 | D:2      | Killed Terence
  2926 | D:3      | Reached skill level 4 in Spellcasting
  3062 | D:3      | Found a snail-covered altar of Cheibriados.
  3301 | D:3      | Reached XP level 6. HP: 41/45 MP: 0/0
  3568 | D:4      | Found a glowing silver altar of Zin.
  3584 | D:4      | Reached skill level 1 in Long Blades
  3883 | D:4      | Noticed Menkaure
  3887 | D:4      | Killed Menkaure
  4047 | D:4      | Reached XP level 7. HP: 50/50 MP: 0/0
  4047 | D:4      | Learned a level 3 spell: Call Canine Familiar
  4164 | D:4      | Found a sacrificial altar of Ru.
  4384 | D:4      | Became a worshipper of Zin the Law-Giver
  4384 | D:4      | Reached * piety under Zin
  4385 | D:4      | Fell from the grace of Zin
  4487 | D:5      | Entered Level 5 of the Dungeon
  4502 | D:5      | Reached skill level 5 in Spellcasting
  4650 | D:5      | Reached XP level 8. HP: 40/58 MP: 0/0
  5552 | D:5      | Reached skill level 6 in Spellcasting
  5727 | D:5      | Noticed Ijyb
  5732 | D:5      | Reached skill level 5 in Fighting
  5736 | D:5      | Killed Ijyb
  5886 | D:5      | Reached XP level 9. HP: 33/65 MP: 0/0
  5886 | D:5      | Learned a level 3 spell: Spider Form
  6065 | D:5      | HP: 1/65 [wight/+0 battleaxe (3)]
  7655 | D:6      | Reached skill level 7 in Spellcasting
  8231 | D:6      | Killed from afar by an orc priest

Illustrated notes

Levels and vault maps discovered:
D:1:      noname_arrival_rooms_in_the_neighbourhood, layout_loops_ring,
          minmay_misc_feat_room
D:2:      layout_loops_ring, shapermc_ecumenical_altar_pompeii, uniq_jessica,
          uniq_terence
D:3:      layout_basic, kennysheep_slug_shrine
D:4:      layout_basic, nicolae_ru_great_annihilating_truth, zin_treasury,
          wad_orctagon, uniq_menkaure
D:5:      layout_gridville, uniq_ijyb
D:6:      layout_rooms, nicolae_overflow_hidden_temple,
          nicolae_qazlal_style_of_elements, gammafunk_temple_overflow_claw,
          minmay_temple_entry_proselytizer, ebering_ghost_gozag,
          uniq_crazy_yiuf_cottage

Skill      XL: |  1  2  3  4  5  6  7  8  9 |
---------------+----------------------------+-----
Fighting       | 1 2 3 4 5 6 |  6.0
Spellcasting   | 3 4 5 6 7 |  7.1
Long Blades    | 1 2 3 4 |  4.7
Dodging        | |  2.1
Stealth        | |  1.5

Action                   |  1- 3 |  4- 6 |  7- 9 || total
-------------------------+-------+-------+-------++-------
Melee: Dagger            |     2 |       |       ||     2
       Long sword        |       |    40 |   122 ||   162
       Punch             |       |       |     1 ||     1
       Unarmed           |       |       |     9 ||     9
 Cast: Sting             |    56 |    45 |       ||   101
       Mephitic Cloud    |       |     2 |     4 ||     6
       Poisonous Vapours |       |     4 |     4 ||     8
       Summon Small Mamm |       |     1 |     1 ||     2
       Call Canine Famil |       |       |     2 ||     2
       Olgreb's Toxic Ra |       |       |     2 ||     2
       Spider Form       |       |       |     1 ||     1
Invok: Renounce Religion |       |       |     1 ||     1
  Use: Scroll            |       |     9 |     8 ||    17
       Potion            |       |       |     1 ||     1
 Stab: Sleeping          |       |     3 |     4 ||     7
       Distracted        |       |       |     2 ||     2
       Paralysed         |       |       |     1 ||     1
Armor: Robe              |     2 |    14 |    31 ||    47
       Skin              |       |       |     1 ||     1
Dodge: Dodged            |    30 |    44 |   149 ||   223

Table legend: (Time is in decaauts)
 A = Elapsed time spent in this place.
 B = Non-inter-level travel time spent in this place.
 C = Inter-level travel time spent in this place.
 D = Time resting spent in this place.
 E = Time spent auto-exploring this place.
 F = Levels seen in this place.
 G = Mean time per level.
                   A        B        C        D        E       F      G
               +--------+--------+--------+--------+--------+-----+--------+
         Total |   8279 |   7942 |    337 |   1861 |   5213 |   6 | 1379.8 |
       Dungeon |   8279 |   7942 |    337 |   1861 |   5213 |   6 | 1379.8 |
               +--------+--------+--------+--------+--------+-----+--------+

Top non-repeatable levels by time:
     D:5: 3552 daAuts
     D:1: 1635 daAuts
     D:4: 1003 daAuts
     D:2: 951 daAuts
     D:3: 914 daAuts
     D:6: 222 daAuts
